AoeStats
← 知耻而后勇喜笑颜开

Arabia

509767626Analyzed
1v1 RM · 4d ago on Sep 27, 2026· 46m 38s· 2 players
Game mode
Random Map
Map size
Tiny (2 player)
Population
200
Speed
Normal
Resources
Standard
Victory
Conquest
Starting age
Dark Age
Ending age
Imperial Age
RankedLock teamsTeams togetherTeam positionsShared explorationLock speedFull tech treeHidden civsTurbo modeCheats
Victory
Defeat
1397
+14
1354
-14
Izuru Alexandros RÆ
6:27 Loom
9:01 Feudal Age
9:35 Double-Bit Axe
10:45 Man-at-Arms
13:18 Man-at-Arms
19:56 Stone Mining
22:13 Castle Age
23:48 Wheelbarrow
23:52 Scale Barding Armor
25:01 Light Cavalry
27:07 Fletching
30:04 Gold Mining
32:07 Forging
33:28 Husbandry
33:34 Long Swordsman
34:22 Bodkin Arrow
41:19 Imperial Age
39:18 Scale Mail Armor
39:00 Pikeman
40:47 Chain Mail Armor
44:04 Iron Casting
48:01 Blast Furnace
知耻而后勇喜笑颜开
5:22 Loom
9:12 Feudal Age
10:39 Wheelbarrow
9:50 Double-Bit Axe
11:21 Town Watch
14:16 Horse Collar
16:54 Fletching
24:24 Castle Age
23:05 Forging
22:55 Scale Mail Armor
23:36 Gold Mining
24:49 Bloodlines
25:16 Squires
26:02 Bow Saw
26:12 Husbandry
27:59 Scale Barding Armor
28:36 Heavy Plow
29:09 Stone Mining
29:58 Sanctity
30:17 Pikeman
32:09 Hand Cart
32:02 Clerical Recruitment
37:46 Imperial Age
36:36 Gold Shaft Mining
36:22 Bodkin Arrow
36:22 Treadmill Crane
39:23 Iron Casting
39:31 Chain Mail Armor
40:15 Conscription
41:08 Two-Man Saw
41:17 Chemistry
40:38 Ballistics
40:38 Bracer
41:10 Chain Barding Armor
41:04 Herbal Medicine
42:15 Plate Mail Armor
42:13 Block Printing
42:25 Illumination
42:54 Crop Rotation
43:34 Siege Engineers
43:39 Masonry
43:35 Capped Ram
43:49 Shield Wall
45:39 Hoardings
45:43 Cavalier
Connection lost

Rejoining the realm…

Still unreachable

The connection could not be restored.

Session expired

The server has moved on; the page needs a fresh start.